 Dungeon Crawl Stone Soup version 0.18-a0-1805-g8ab820f (webtiles) character file.

2671 varam the Grappler (level 9, -10/76 (79) HPs)
             Began as a Ghoul Monk on Apr 26, 2016.
             Was a Priest of Cheibriados.
             Mangled by an earth elemental (20 damage)
             ... summoned by a deep elf mage
             ... on level 8 of the Dungeon.
             The game lasted 00:36:27 (11518 turns).

varam the Grappler (Ghoul Monk)                    Turns: 11518, Time: 00:36:27

HP:   -10/76 (79)   AC: 14    Str: 22    XL:     9   Next: 63%
MP:   0/8           EV: 12    Int: 12    God:    Cheibriados [***...]
Gold: 367           SH:  6    Dex: 21    Spells: 0 memorised, 8 levels left

rFire  . . .     SeeInvis +       - Unarmed
rCold  + . .     Gourm    .     D - +3 chain mail
rNeg   + + +     Faith    .     j - +0 buckler
rPois  ∞         Spirit   +     s - +2 hat {SInv}
rElec  .         Dismiss  .     (no cloak)
rCorr  .         Reflect  .     (no gloves)
SustAt .         Harm     .     (no boots)
MR     .....                    k - amulet of guardian spirit
Stlth  ..........               (no ring)
                                (no ring)

@: rotting, very slow, not resistant to hostile enchantments, extremely
unstealthy
A: rotting body, claws 1, carnivore 3, cold resistance 1, negative energy
resistance 3, slow regeneration 1, torment resistance, unbreathing
a: Bend Time, Temporal Distortion, Renounce Religion


You were on level 8 of the Dungeon.
You worshipped Cheibriados.
Cheibriados was most pleased with you.
You were not hungry.

You visited 2 branches of the dungeon, and saw 9 of its levels.
You visited the Abyss 1 time.

You collected 367 gold pieces.

Inventory:

Armour
 j - a +0 buckler (worn)
 s - a +2 hat of see invisible (worn)
 A - a +0 ring mail
 C - a +1 leather armour of magic resistance
 D - a +3 chain mail (worn)
Jewellery
 k - an amulet of guardian spirit (around neck)
Wands
 E - a wand of flame (18/48)
Scrolls
 d - 3 scrolls of remove curse
 e - a scroll of amnesia {unknown}
 f - 2 scrolls of fear {unknown}
 g - 5 scrolls of teleportation
 h - a scroll of fog {unknown}
 i - 4 scrolls of identify
 m - 2 scrolls of immolation {unknown}
 o - 2 scrolls of noise {unknown}
 q - 4 scrolls of recharging
 r - a scroll of enchant weapon {unknown}
 w - a scroll of magic mapping {unknown}
Potions
 c - a potion of magic {unknown}
 l - 2 potions of flight {unknown}
 n - a potion of heal wounds {unknown}
 p - 4 potions of curing
 t - a potion of berserk rage {unknown}
 u - a potion of beneficial mutation {unknown}
 z - 2 potions of lignification {unknown}
 B - a potion of agility {unknown}
Books
 y - a book of Beasts

   Spells                             Type                      Level
   a - Summon Butterflies             Summoning                    1
   b - Call Canine Familiar           Summoning                    3
   c - Summon Ice Beast               Ice/Summoning                4
   d - Summon Mana Viper              Hexes/Summoning              5
   e - Summon Hydra                   Summoning                    7
Comestibles
 a - 8 slices of pizza
 b - 2 meat rations
 v - a royal jelly
 x - 3 beef jerkies


   Skills:
 + Level 7.1 Fighting
 + Level 4.8 Armour
 + Level 6.0 Dodging
 - Level 3.5 Stealth
 + Level 3.1 Shields
 + Level 8.7 Unarmed Combat


You had 8 spell levels left.
You didn't know any spells.

Dungeon Overview and Level Annotations

Branches:
Dungeon (8/15)             Temple (1/1) D:6
   Lair: D:8-11

Altars:
Cheibriados
Dithmenos
Elyvilon
Fedhas
Gozag
Kikubaaqudgha
Makhleb
Nemelex Xobeh
Okawaru
Pakellas
Qazlal
Ru
Vehumet
Yredelemnul
The Shining One

Shops:
D:5 %   D:7 }


Innate Abilities, Weirdness & Mutations

Your body is rotting away.
You thrive on raw meat.
You are immune to poison.
You have sharp fingernails.
You are carnivorous and can eat meat at any time.
Your flesh is cold resistant.
You are immune to negative energy.
You regenerate slowly when monsters are visible.
You are immune to unholy pain and torment.
You can survive without breathing.


Message History

* * * LOW HITPOINT WARNING * * *
You claw the deep elf mage!
The deep elf mage is severely wounded.
The deep elf mage barely misses you.
You miss the deep elf mage.
The deep elf mage is severely wounded.
You closely miss the deep elf mage.
The deep elf mage is severely wounded.
The deep elf mage closely misses you. You block the earth elemental's attack.
You claw the deep elf mage!
The deep elf mage is almost dead.
The deep elf mage misses you. The earth elemental misses you.
You closely miss the deep elf mage.
The deep elf mage is almost dead.
You block the deep elf mage's attack.
You barely miss the deep elf mage.
The deep elf mage is almost dead.
The deep elf mage casts a spell.
The deep elf mage blinks!
The earth elemental hits you!!
You die...

###### ####....#
###.....$.###########
#..e.......##...##).#
###..@...###
#....<)## ##.E§.##
###......# ##E..#
##........# ##..#
##.........#
#..###...........
#..#.............
#........########
##.########
...#...###


You could see 2 earth elementals and a deep elf mage.

Vanquished Creatures
  A human (D:7)
  A black bear (D:8)
  An orc warrior (D:8)
  4 ogres
  A sky beast (D:4)
  A necrophage (D:6)
  3 phantoms
  3 centaurs
  2 big kobolds
  A giant frog (D:3)
  A scorpion (D:4)
  3 crimson imps
  A centaur zombie (D:3)
  6 hounds
  A jelly (D:6)
  2 orc priests
  A giant frog skeleton (D:6)
  An orc wizard (D:3)
  2 iguanas
  6 worker ants
  4 sheep (D:7)
  2 hound zombies
  A howler monkey zombie (D:4)
  15 adders
  A howler monkey skeleton (D:4)
  4 gnolls
  2 oozes (D:1)
  An adder zombie (D:8)
  A worm (D:4)
  A dart slug (D:2)
  4 giant geckos
  9 orcs
  A ball python (D:4)
  2 giant cockroaches
  14 goblins
  9 hobgoblins
  5 jackals
  3 quokkas
  A ball python zombie (D:5)
  5 bats
  9 giant newts
  17 kobolds
  9 rats
162 creatures vanquished.

Vanquished Creatures (others)
  A human (D:4)
1 creature vanquished.

Grand Total: 163 creatures vanquished

Notes
Turn   | Place    | Note
--------------------------------------------------------------
     0 | D:1      | varam the Ghoul Monk began the quest for the Orb.
     0 | D:1      | Reached XP level 1. HP: 19/19 MP: 0/0
   339 | D:1      | Reached XP level 2. HP: 26/26 MP: 1/1
   846 | D:1      | Reached XP level 3. HP: 28/31 MP: 2/2
  2342 | D:2      | Found a sacrificial altar of Ru.
  2343 | D:2      | Found a glowing golden altar of the Shining One.
  2483 | D:2      | Reached XP level 4. HP: 32/40 MP: 3/3
  2577 | D:2      | Found a stormy altar of Qazlal.
  3619 | D:3      | Reached XP level 5. HP: 31/46 MP: 4/4
  3795 | D:3      | Reached skill level 5 in Unarmed Combat
  4331 | D:4      | Reached XP level 6. HP: 34/52 MP: 2/5
  4746 | D:4      | Reached skill level 5 in Fighting
  4826 | D:2      | HP: 1/55 [kobold/short sword (2)]
  5119 | D:3      | Cast into level 1 of the Abyss (gnoll)
  5119 | Abyss:1  | Found a corrupted altar of Lugonu.
  5152 | D:3      | Escaped the Abyss
  5580 | D:3      | Noticed a phantom
  5607 | D:3      | Killed a phantom
  5607 | D:3      | Reached XP level 7. HP: 40/61 MP: 3/6
  5653 | D:3      | Reached skill level 6 in Unarmed Combat
  7169 | D:4      | Reached skill level 5 in Dodging
  7199 | D:4      | Found an ancient bone altar of Kikubaaqudgha.
  7199 | D:4      | Noticed a human
  7203 | D:4      | Killed a human
  7614 | D:5      | Entered Level 5 of the Dungeon
  7680 | D:5      | Found Gihigouh's Food Boutique.
  8025 | D:5      | Reached XP level 8. HP: 41/69 MP: 5/7
  8357 | D:5      | Reached skill level 7 in Unarmed Combat
  9886 | D:5      | Reached skill level 1 in Armour
  9991 | D:6      | Reached skill level 1 in Shields
 10066 | D:6      | Found a staircase to the Ecumenical Temple.
 10075 | Temple   | Entered the Ecumenical Temple
 10096 | Temple   | Became a worshipper of Cheibriados the Contemplative
 10096 | Temple   | Reached * piety under Cheibriados
 10096 | Temple   | Reached ** piety under Cheibriados
 10223 | D:6      | Reached XP level 9. HP: 63/79 MP: 6/8
 11026 | D:7      | Reached skill level 8 in Unarmed Combat
 11087 | D:7      | Reached *** piety under Cheibriados
 11117 | D:7      | Found Milagyab's Gadget Shoppe.
 11479 | D:8      | Noticed a deep elf mage
 11518 | D:8      | Mangled by an earth elemental

Vault maps used:
D:1:      tarquinn_simple_flora_water_d
D:2:      minitemple, first_bread, grunt_qazlal_clouds
D:3:      minmay_misc_feat_ornament
D:4:      tgw_kikubaaqudgha
D:5:      serial_shops, nicolae_shop_waterfront
D:6:      temple_statues
D:7:      serial_shops, shop, grunt_livestock, hangedman_decor_points,
          led_sif_pool, uniq_menkaure, uniq_pikel, uniq_prince_ribbit1
D:8:      basic_altar, minmay_three_doors
Temple:   grunt_circular_temple_18

Skill      XL: |  1  2  3  4  5  6  7  8  9 |
---------------+----------------------------+-----
Dodging        | 3 4 5 6 |  6.0
Stealth        | 3 |  3.5
Fighting       | 4 5 6 7 |  7.1
Unarmed Combat | 5 6 7 8 |  8.7
Armour         | 2 4 |  4.8
Shields        | 2 3 |  3.1

Action                   |  1- 3 |  4- 6 |  7- 9 || total
-------------------------+-------+-------+-------++-------
Melee: Unarmed           |   113 |   191 |   405 ||   709
       Punch             |       |       |     5 ||     5
  Use: Scroll            |       |     4 |       ||     4
 Stab: Sleeping          |     8 |     5 |     5 ||    18
       Distracted        |       |     1 |     1 ||     2
  Eat: Chunk             |     6 |     4 |    14 ||    24
       Meat ration       |     1 |     1 |     1 ||     3
Armor: Robe              |    20 |    29 |    28 ||    77
       Ring mail         |       |       |    12 ||    12
       Chain mail        |       |       |    38 ||    38
       Leather armour    |       |       |    11 ||    11
Dodge: Dodged            |    51 |   122 |   184 ||   357
Block: Buckler           |     9 |    24 |    39 ||    72
